 Dungeon Crawl Stone Soup version 0.29-a0-495-g17b79114eb (webtiles) character file.

Game seed: 13784821804489412687

14151 Hubjo the Thaumaturge (level 11, -8/67 HPs)
             Began as a Deep Elf Fire Elementalist on May 27, 2022.
             Was a Priest of Ashenzari.
             Mangled by a seven-headed hydra (9 damage)
             ... on level 11 of the Dungeon.
             The game lasted 00:41:24 (20967 turns).

Hubjo the Thaumaturge (Deep Elf Fire Elementalist) Turns: 20967, Time: 00:41:24

Health: -8/67      AC:  9    Str:  5    XL:     11   Next: 85%
Magic:  0/28       EV: 17    Int: 28    God:    Ashenzari [***...]
Gold:   1039       SH:  0    Dex: 21    Spells: 7/33 levels left

rFire   . . .      SeeInvis +   B - +2 rapier (drain)
rCold   . . .      Faith    .   (no shield)
rNeg    + . .      Spirit   +   I - +2 robe "Share My Sybil" {rN+, Evo, Comp} (curse)
rPois   .          Reflect  .   Q - +1 hat "Restrained Regret" {Int+3, Comp, Evo} (curse)
rElec   .          Harm     .   (no cloak)
rCorr   .          Rampage  .   j - +1 pair of gloves "Eternal Together" {Fort, Elem} (curse)
Will    +....      Clarity  +   (no boots)
Stlth   +++++.....              L - amulet of guardian spirit
HPRegen 0.21/turn               p - ring of the Unyielding Gaze {Dex+6, Comp, Melee} (curse)
MPRegen 0.21/turn               t - ring of Ashenzari's Secrets {EV+4, Comp, Melee} (curse)

@: about to teleport, very slightly contaminated
A: iridescent scales 1
a: Renounce Religion, Shatter the Chains


You were on level 11 of the Dungeon.
You worshipped Ashenzari.
Ashenzari was most pleased with you.
You visited 1 branch of the dungeon, and saw 12 of its levels.
You also visited: Ossuary.

You collected 1039 gold pieces.

Inventory:

Hand Weapons
 e - a +2 vorpal war axe
 B - a +2 rapier of draining (weapon)
Armour
 a - a +0 robe
 j - the cursed +1 pair of gloves "Eternal Together" (worn) {Fort, Elem}
   (You found it on level 1 of the Dungeon)

   It has a curse which improves the following skills: Fortitude: Armour and
   Shields.
   Elements:  Fire Magic, Ice Magic, Air Magic and Earth Magic.
 I - the cursed +2 robe "Share My Sybil" (worn) {rN+, Evo, Comp}
   (You took it off Erolcha on level 9 of the Dungeon)

   It has a curse which improves the following skills: Evocations: Evocations.
   Companions: Summonings and Necromancy.
 Q - the cursed +1 hat "Restrained Regret" (worn) {Int+3, Comp, Evo}
   (You took it off Gastronok on level 10 of the Dungeon)

   It has a curse which improves the following skills: Companions: Summonings
   and Necromancy.
   Evocations: Evocations.
Jewellery
 m - a ring of protection from fire
 p - the cursed ring of the Unyielding Gaze (left hand) {Dex+6, Comp, Melee}
   (You found it on level 2 of the Dungeon)

   [ring of dexterity]

   Dex:       It affects your dexterity (+6).
   It has a curse which improves the following skills: Companions: Summonings
   and Necromancy.
   Melee Combat: Short Blades, Long Blades, Axes, Maces & Flails, Polearms,
   Staves and Unarmed Combat.
 t - the cursed ring of Ashenzari's Secrets (right hand) {EV+4, Comp, Melee}
   (You found it on level 3 of the Dungeon)

   [ring of evasion]

   EV:        It affects your evasion (+4).
   It has a curse which improves the following skills: Companions: Summonings
   and Necromancy.
   Melee Combat: Short Blades, Long Blades, Axes, Maces & Flails, Polearms,
   Staves and Unarmed Combat.
 w - a ring of resist corrosion
 y - a ring of see invisible
 G - a ring of flight
 K - a ring of protection from cold
 L - an amulet of guardian spirit (around neck)
 R - an amulet of faith
Wands
 u - a wand of digging (4)
 H - a wand of polymorph (1)
 J - a wand of flame (1)
 M - a wand of acid (7)
Scrolls
 c - 5 scrolls of teleportation
 f - a scroll of silence
 o - 2 scrolls of fog
 q - 2 scrolls of noise
 x - 3 scrolls of poison
 A - 12 scrolls of identify
 C - a scroll of magic mapping
 D - 2 scrolls of vulnerability
 E - a scroll of amnesia
 F - 2 scrolls of brand weapon
 N - 3 scrolls of enchant armour
Potions
 b - 3 potions of magic
 d - 5 potions of degeneration
 g - 3 potions of cancellation
 i - 2 potions of curing
 k - 2 potions of attraction
 l - a potion of haste
 n - 3 potions of invisibility
 r - 2 potions of berserk rage
 s - 2 potions of mutation
 v - 5 potions of flight
 z - 2 potions of brilliance
 O - 3 potions of might


   Skills:
 + Level 7.5 Fighting
 - Level 2.4 Dodging
 + Level 11.6 Stealth
 + Level 11.6 Spellcasting
 - Level 1.1 Conjurations
 - Level 7.5(11.4) Summonings
 - Level 9.8(11.4) Fire Magic
 * Level 4.8(6.3) Air Magic


You had 7 spell levels left.
You knew the following spells:

 Your Spells              Type           Power      Damage    Failure   Level
a - Foxfire               Conj/Fire      100%       2x1d9     1%          1
b - Flame Wave            Conj/Fire      51%        2d10      2%          4
c - Summon Lightning Spi  Summ/Air       60%        N/A       1%          4
d - Lightning Bolt        Conj/Air       18%        1d33      21%         5
e - Hailstorm             Conj/Ice       19%        3d6       26%         4
f - Maxwell's Capacitive  Air            25%        ∞         100%        8

Your spell library contained the following spells:

 Spells                   Type           Power      Damage    Failure   Level
 Scorch                   Fire           100%       2d10      1%          2
 Static Discharge         Conj/Air       37%        N/A       1%          2
 Conjure Flame            Conj/Fire      51%        6-21      1%          3
 Inner Flame              Hex/Fire       48%        N/A       1%          3
 Swiftness                Air            51%        N/A       1%          3
 Airstrike                Air            25%        N/A       2%          4
 Apportation              Tloc           32%        N/A       3%          1
 Freeze                   Ice            68%        1d8       3%          1
 Ensorcelled Hibernation  Hex/Ice        32%        N/A       4%          2
 Passwall                 Tmut/Erth      13%        N/A       4%          2
 Sublimation of Blood     Necr           19%        N/A       4%          2
 Frozen Ramparts          Ice            34%        1d5       10%         3
 Gell's Gravitas          Tloc           16%        N/A       10%         3
 Teleport Other           Tloc           16%        N/A       10%         3
 Tukima's Dance           Hex            16%        N/A       10%         3
 Olgreb's Toxic Radiance  Pois           16%        N/A       32%         4
 Passage of Golubria      Tloc           16%        N/A       32%         4
 Petrify                  Tmut/Erth      16%        N/A       32%         4
 Irradiate                Conj/Tmut      9%         3d16      58%         5
 Alistair's Intoxication  Tmut/Pois      10%        N/A       67%         5
 Yara's Violent Unravell  Hex/Tmut       8%         3d5       67%         5
 Dispersal                Tloc           8%         N/A       99%         6
 Iron Shot                Conj/Erth      9%         9d3       99%         6
 Orb of Destruction       Conj           11%        9d6       100%        7


Dungeon Overview and Level Annotations

Branches:
Dungeon (12/15)            Temple (0/1) D:7            Lair (0/6) D:9
Ossuary (visited)
    Orc: D:9-12

Altars:
Ashenzari
Cheibriados
Dithmenos
Fedhas
Hepliaklqana
Nemelex Xobeh
Okawaru
Qazlal
Ru
Vehumet
Wu Jian
Xom
Yredelemnul


Innate Abilities, Weirdness & Mutations

You are partially covered in iridescent scales. (AC +2)


Message History

The seven-headed hydra bites you but does no damage.
The seven-headed hydra completely misses you.
The seven-headed hydra closely misses you.
The seven-headed hydra barely misses you.
Really fire at your lightning spire?
A wave of flame ripples out!
The flame wave engulfs the seven-headed hydra!
The seven-headed hydra is moderately wounded.
The flame wave engulfs the freezing wraith!!
The freezing wraith is burned terribly!
The freezing wraith is heavily damaged.
The flame wave engulfs your lightning spire but does no damage.
The freezing wraith completely misses you.
The freezing wraith misses you.
The seven-headed hydra bites you but does no damage.
The seven-headed hydra bites you! The seven-headed hydra bites you.
The seven-headed hydra completely misses you.
The seven-headed hydra misses you.
The seven-headed hydra completely misses you.
The seven-headed hydra barely misses you.
As you read the scroll of teleportation, it crumbles to dust.
You feel strangely unstable.
The freezing wraith closely misses you. x2
The seven-headed hydra bites you!
* * * LOW HITPOINT WARNING * * *
The seven-headed hydra bites you but does no damage.
The seven-headed hydra completely misses you.
The seven-headed hydra bites you but does no damage.
The seven-headed hydra misses you.
The seven-headed hydra barely misses you. x2
Your lightning spire shoots out a bolt of lightning at the seven-headed hydra!
The bolt of electricity hits the seven-headed hydra!
The seven-headed hydra attacks as you move away!
The seven-headed hydra bites you but does no damage.
The seven-headed hydra bites you!
* * * LOW HITPOINT WARNING * * *
The seven-headed hydra misses you. The seven-headed hydra bites you!
* * * LOW HITPOINT WARNING * * *
The seven-headed hydra bites you but does no damage.
The seven-headed hydra bites you!
You die...

#####......).(......#
#####......(E#......#
...........#.#......#
...........#........#
#..........####)....#
...........####.....#
#...................#
###############.WD..#
#.@.8.# #######


You could see a seven-headed hydra (ally target), a freezing wraith and a
friendly lightning spire (summoned).

Vanquished Creatures
  Erolcha (D:9)
  A two-headed ogre (D:10)
  A deep elf pyromancer (D:11)
  A manticore (D:11)
  A centaur zombie (D:10)
  An unseen horror (D:11)
  A tengu conjurer (D:11)
  A hornet (D:10)
  Grinder (D:3)
  A slime creature (D:11)
  2 wyverns
  2 wraiths
  A spriggan (D:8)
  3 yaks (D:8)
  4 vampire mosquitoes (D:11)
  2 steam dragons
  Menkaure (D:5)
  2 acid dragons
  A water moccasin (D:6)
  A black bear (D:6)
  An ice beast (D:7)
  2 orc warriors
  2 sky beasts
  3 ogres
  7 centaurs
  A phantom (D:6)
  Blork the orc (D:4)
  A gnoll sergeant (D:7)
  6 kobold brigands
  A necrophage (D:5)
  3 bullfrogs
  2 scorpions
  7 water moccasin zombies (Ossuary)
  5 wights (D:8)
  19 killer bees
  2 electric eels (D:7)
  2 howler monkeys
  4 hounds
  5 orc priests
  4 gnoll shamans
  2 jellies
  10 orc wizards
  3 iguanas
  3 mummies
  10 adders
  16 gnolls
  4 shadow imps
  3 white imps
  4 adder zombies (Ossuary)
  A worm (D:5)
  3 dart slugs
  23 orcs
  2 ball pythons
  A bat (D:3)
  9 endoplasms
  A giant cockroach (D:2)
  3 gnoll zombies (Ossuary)
  6 goblins
  15 hobgoblins
  26 kobolds
  4 quokkas
  A frilled lizard (D:1)
  8 hobgoblin zombies
  3 kobold zombies
  4 orc zombies (Ossuary)
  5 rats
277 creatures vanquished.

Vanquished Creatures (collateral kills)
  Gastronok (D:10)
  A boulder beetle (D:11)
  A centaur zombie (D:10)
  An unseen horror (D:11)
  A rime drake (shapeshifter) (D:11)
  5 yaks (D:11)
  An orc warrior (D:11)
  4 foxfires
15 creatures vanquished.

Vanquished Creatures (others)
  1770 foxfires
  16 plants (D:7)
1786 creatures vanquished.

Grand Total: 2078 creatures vanquished

Notes
Turn   | Place    | Note
-------+----------+-------------------------------------------
     0 | D:1      | Hubjo the Deep Elf Fire Elementalist began the quest for
                  | the Orb.
     0 | D:1      | Reached XP level 1. HP: 10/10 MP: 6/6
   610 | D:1      | Reached XP level 2. HP: 1/16 MP: 2/8
  1014 | D:1      | Found a faded altar of an unknown god.
  1563 | D:2      | Reached skill level 1 in Fighting
  1794 | D:2      | Reached XP level 3. HP: 20/20 MP: 5/9
  2745 | D:2      | Reached XP level 4. HP: 26/26 MP: 6/11
  3445 | D:3      | Found a radiant altar of Vehumet.
  3496 | D:3      | Found a shadowy altar of Dithmenos.
  3597 | D:3      | Noticed Grinder
  3605 | D:3      | Killed Grinder
  3606 | D:3      | Reached XP level 5. HP: 32/32 MP: 0/13
  3606 | D:3      | Reached XP level 6. HP: 37/37 MP: 0/14
  3634 | D:3      | Learned a level 4 spell: Flame Wave
  4607 | D:4      | Noticed Blork the orc
  4615 | D:4      | Killed Blork the orc
  5053 | D:4      | Found a broken altar of Ashenzari.
  5157 | D:4      | Became a worshipper of Ashenzari the Shackled
  5185 | D:4      | Found a sand-covered staircase.
  5190 | D:4      | Reached skill level 5 in Spellcasting
  5190 | D:4      | Reached skill level 5 in Fire Magic
  5195 | Ossuary  | Entered an ossuary
  5504 | Ossuary  | Reached skill level 5 in Stealth
  5504 | Ossuary  | Reached XP level 7. HP: 19/41 MP: 0/16
  6466 | D:5      | Entered Level 5 of the Dungeon
  6948 | D:5      | Reached XP level 8. HP: 48/48 MP: 10/19
  7044 | D:5      | Got Qoat's Collected Works on Damaging Poison
  7089 | D:5      | Noticed Menkaure
  7096 | D:5      | Killed Menkaure
  7506 | D:5      | Found a sparkling altar of Nemelex Xobeh.
  7904 | D:6      | Found a hazy altar of Hepliaklqana.
  8650 | D:6      | Found a shimmering altar of Xom.
  9082 | D:6      | Reached XP level 9. HP: 33/52 MP: 18/22
  9632 | D:6      | Found a snail-covered altar of Cheibriados.
  9977 | D:7      | Reached skill level 5 in Fighting
 10406 | D:7      | You fall into a shaft and drop 3 floors!
 10406 | D:10     | Entered Level 10 of the Dungeon
 10458 | D:10     | Reached * piety under Ashenzari
 10459 | D:10     | Gained mutation: You are somewhat resistant to further
                  | mutation. [potion of mutation]
 10459 | D:10     | Lost mutation: You are somewhat resistant to further
                  | mutation. [potion of mutation]
 10459 | D:10     | Gained mutation: You are partially covered in iridescent
                  | scales. (AC +2) [potion of mutation]
 11107 | D:10     | Paralysed by a hornet for 1 turns
 11600 | D:10     | Reached ** piety under Ashenzari
 11637 | D:10     | Noticed Gastronok
 11661 | D:9      | Reached skill level 1 in Summonings
 11979 | D:9      | Found a staircase to the Lair.
 12060 | D:9      | Found a blossoming altar of Fedhas.
 12316 | D:9      | Noticed Erolcha
 12328 | D:9      | Reached XP level 10. HP: 35/60 MP: 11/24
 12330 | D:9      | Killed Erolcha
 13033 | D:8      | Found a sacrificial altar of Ru.
 13921 | D:8      | Reached skill level 5 in Summonings
 14915 | D:7      | Reached skill level 10 in Spellcasting
 14952 | D:7      | Found a staircase to the Ecumenical Temple.
 15148 | D:7      | Reached skill level 10 in Stealth
 16070 | D:7      | Found an iron altar of Okawaru.
 16073 | D:7      | Found an ornate altar of the Wu Jian Council.
 16078 | D:7      | Found a stormy altar of Qazlal.
 16587 | D:10     | Noticed a two-headed ogre
 16597 | D:10     | Killed a two-headed ogre
 16598 | D:10     | Reached XP level 11. HP: 35/66 MP: 10/27
 16864 | D:10     | Learned a level 4 spell: Summon Lightning Spire
 16880 | D:10     | Found a basalt altar of Yredelemnul.
 17246 | D:10     | Killed Gastronok
 17517 | D:10     | Learned a level 5 spell: Lightning Bolt
 17677 | D:11     | Reached *** piety under Ashenzari
 17713 | D:11     | Reached skill level 1 in Air Magic
 17974 | D:11     | Noticed a deep elf pyromancer
 18361 | D:11     | Noticed a boulder beetle
 18367 | D:11     | Noticed a boulder beetle
 18369 | D:11     | Noticed a deep elf pyromancer
 18732 | D:11     | Learned a level 4 spell: Hailstorm
 20167 | D:11     | Killed a deep elf pyromancer
 20178 | D:11     | Killed a boulder beetle
 20243 | D:11     | Noticed a death knight
 20812 | D:11     | Learned a level 8 spell: Maxwell's Capacitive Coupling
 20934 | D:11     | Noticed a two-headed ogre
 20952 | D:11     | Noticed a seven-headed hydra
 20958 | D:12     | Noticed a death knight
 20967 | D:11     | HP: 1/67 [seven-headed hydra (8)]
 20967 | D:11     | Mangled by a seven-headed hydra

Illustrated notes

Levels and vault maps discovered:
D:1:      beargit_arrival_diablo_church, layout_basic,
          shapermc_ecumenical_altar_notcrosses
D:2:      minmay_general_purpose_star, layout_basic
D:3:      layout_loops_ring, vehumet_crystals, lemuel_doored_altar,
          dk_noncrumbling_2, uniq_grinder
D:4:      layout_rooms, kennysheep_little_box, nicolae_ossuary_entry_giza,
          hex_tiny, minivault_14, minmay_tree_intersection,
          nicolae_elevator_lobby_asterisk, uniq_blork_the_orc
D:5:      layout_basic, nemelex_dance_club_becter, minmay_statues_item,
          chequers_avenue, uniq_menkaure
D:6:      minmay_razor_zed, layout_basic, xom_teletrap_fun,
          mainiacjoe_overflow_alcove_2, mainiacjoe_overflow_boulevard
D:7:      kennysheep_housing_project, layout_rooms,
          grunt_temple_overflow_diamond, minmay_temple_entry_ruins,
          serial_bayou_ford_a
D:8:      layout_loops_ring, mainiacjoe_overflow_alcove_4
D:9:      layout_roguey, mainiacjoe_overflow_small_starburst, lair_entry_dummy,
          uniq_erolcha
D:10:     layout_basic, lemuel_zombie_altar_yredelemnul, evilmike_butchery,
          uniq_gastronok
D:11:     hangedman_cross_veins, layout_rooms
D:12:     minmay_inside_and_out, layout_long_grid,
          minmay_orc_entry_temple_small, dancing_weapons_uskayaw

Skill      XL: |  1  2  3  4  5  6  7  8  9 10 11 |
---------------+----------------------------------+-----
Fighting       | 1 3 4 5 6 7 |  7.5
Stealth        | 3 4 5 6 7 8 10 11 | 11.6
Spellcasting   | 4 5 6 7 8 10 11 | 11.6
Fire Magic     | 4 5 6 8 9 |  9.8
Summonings     | 2 6 7 |  7.5
Air Magic      | 4 |  4.8
Dodging        | |  2.4
Conjurations   | |  1.1

Action                   |  1- 3 |  4- 6 |  7- 9 | 10-12 || total
-------------------------+-------+-------+-------+-------++-------
Melee: Unarmed           |     2 |     2 |     2 |       ||     6
       Rapier            |       |       |     6 |    48 ||    54
 Cast: Foxfire           |   128 |   161 |   366 |   424 ||  1079
       Flame Wave        |       |     2 |    10 |    12 ||    24
       Summon Lightning  |       |       |       |    12 ||    12
       Lightning Bolt    |       |       |       |     3 ||     3
Invok: Curse Item        |       |       |     3 |     2 ||     5
Evoke: Wand              |       |       |       |     3 ||     3
  Use: Scroll            |     1 |     4 |     8 |    10 ||    23
       Potion            |       |       |     3 |    12 ||    15
Armor: Robe              |     6 |     8 |    13 |    78 ||   105
Dodge: Dodged            |    22 |    43 |   122 |   200 ||   387

Table legend: (Time is in decaauts)
 A = Elapsed time spent in this place.
 B = Non-inter-level travel time spent in this place.
 C = Inter-level travel time spent in this place.
 D = Time resting spent in this place.
 E = Time spent auto-exploring this place.
 F = Levels seen in this place.
 G = Mean time per level.
                   A        B        C        D        E       F      G
               +--------+--------+--------+--------+--------+-----+--------+
         Total |  21029 |  20268 |    761 |   3563 |  14220 |  13 | 1617.6 |
       Dungeon |  19983 |  19222 |    761 |   3563 |  13296 |  12 | 1665.2 |
       Ossuary |   1045 |   1045 |      0 |      0 |    924 |   1 | 1045.0 |
               +--------+--------+--------+--------+--------+-----+--------+

Top non-repeatable levels by time:
    D:10: 4436 daAuts
     D:7: 2104 daAuts
     D:8: 1847 daAuts
     D:5: 1817 daAuts
     D:6: 1685 daAuts
     D:3: 1570 daAuts
     D:1: 1554 daAuts
     D:2: 1481 daAuts
    D:11: 1429 daAuts
     D:9: 1244 daAuts
 Ossuary: 1045 daAuts
     D:4: 812 daAuts
    D:12: 1 daAuts
